Map: New Repugnancy LE

Players

SandboX - Winner!

  • Race: Zerg Zerg
  • League: Gold
  • Spawn Location: 7:00

TheDTDr

  • Race: Protoss Protoss
  • League: Gold
  • Spawn Location: 1:00

VOD

Have the link to the VOD?

Description

Time

  • Played on: Aug. 10, 2019, 3:54 p.m.
  • Length: 12:00
Show
View Real Time Build Order
Export as new Build Order

SandboX Zerg - Winner!

Build Orders: Hatch First, Roach Hydra 

Get SALT Encoding   

  12  0:03  Drone  
  13  0:12  Overlord  
  13  0:23  Drone  
  14  0:30  Drone  
  14  0:32  Drone  
  16  0:35  Drone  
  17  0:56  Hatchery  
  16  0:58  Drone  
  16  0:59  Drone  
  18  1:07  Extractor  
  17  1:17  Spawning Pool  
  16  1:19  Drone  
  16  1:22  Drone  
  18  1:29  Drone  
  19  1:41  Overlord  
  19  2:04  Zergling x4  
  21  2:15  Queen x2  
  23  2:17  Drone x2  
  23  2:18  Metabolic Boost  
  23  2:21  Drone  
  28  2:40  Drone  
  28  2:41  Drone  
  30  3:00  Drone x4  
  34  3:07  Hatchery  
  34  3:12  Overlord  
  33  3:14  Drone x2  
  35  3:27  Overlord  
  35  3:28  Drone  
  35  3:30  Drone x6  
  42  3:54  Drone  
  42  3:55  Drone x3  
  46  4:00  Queen  
  48  4:05  Roach Warren  
  48  4:06  Spore Crawler  
  46  4:11  Spore Crawler  
  45  4:18  Extractor  
  45  4:19  Extractor  
  45  4:20  Drone x7  
  45  4:21  Overlord  
  45  4:23  Overlord  
  50  4:44  Lair  
  50  4:51  Evolution Chamber  
  49  4:55  Evolution Chamber  
  49  4:59  Drone x7  
  57  5:00  Drone x2  
  57  5:19  Zerg Missile Weapons Level 1  
  57  5:21  Zerg Ground Armor Level 1  
  57  5:28  Drone x7  
  63  5:29  Drone x4  
  63  5:32  Extractor  
  67  5:36  Extractor  
  66  5:44  Extractor  
  66  5:47  Roach x4  
  73  5:50  Overlord x5  
  73  6:02  Glial Reconstitution  
  73  6:05  Hydralisk Den  
  72  6:12  Drone x6  
  78  6:25  Roach x10  
  98  6:41  Muscular Augments  
  87  6:50  Roach x12  
  102  7:06  Drone x4  
  104  7:27  Drone x7  
  111  7:37  Drone x3  
  111  7:41  Overlord  
  114  7:57  Overlord x4  
  114  8:31  Roach x18  
  150  8:34  Zerg Ground Armor Level 2, Zerg Missile Weapons Level 2  
  150  8:39  Grooved Spines  
  150  8:45  Hatchery  
  149  9:04  Hydralisk x2  
  149  9:06  Overlord x2  
  149  9:07  Overlord x5  
  149  9:28  Hydralisk x4  
  149  9:29  Hydralisk x7  
  126  10:03  Hydralisk x11  
  144  10:17  Hydralisk x4  
  149  10:25  Hydralisk x2  
  145  10:38  Queen x2, Roach  
  151  10:52  Queen  
  151  10:54  Queen  
  155  11:16  Drone x14  
Show
View Real Time Build Order
Export as new Build Order

TheDTDr Protoss 

Build Orders: Chargelot Immortal 

Get SALT Encoding   

  12  0:06  Probe  
  13  0:19  Pylon  
  13  0:21  Probe  
  14  0:30  Probe  
  15  0:38  Probe  
  15  0:40  Gateway  
  16  0:48  Probe  
  16  0:51  Assimilator  
  17  1:00  Probe  
  18  1:12  Probe  
  19  1:24  Gateway  
  19  1:28  Probe  
  19  1:29  Cybernetics Core  
  20  1:36  Probe  
  20  1:41  Assimilator  
  21  1:47  Probe  
  21  1:52  Warp Gate  
  22  2:02  Pylon  
  22  2:09  Probe  
  23  2:20  Adept x2  
  27  2:25  Twilight Council  
  27  2:34  Probe  
  28  2:42  Pylon  
  28  2:52  Probe  
  28  2:55  Resonating Glaives  
  28  2:56  Adept  
  31  3:00  Adept  
  31  3:05  Probe  
  33  3:20  Nexus  
  33  3:23  Probe  
  34  3:33  Forge  
  34  3:36  Probe  
  35  3:48  Probe  
  36  3:55  Gateway  
  36  4:00  Probe  
  37  4:03  Robotics Facility, Protoss Ground Weapons Level 1  
  37  4:15  Probe  
  38  4:21  Pylon  
  38  4:27  Probe  
  39  4:36  Adept  
  39  4:37  Adept  
  43  4:39  Probe  
  43  4:44  Probe  
  45  4:51  Probe  
  45  4:52  Warp Prism  
  48  4:55  Sentry  
  48  4:56  Probe  
  51  5:03  Probe  
  52  5:11  Probe  
  53  5:15  Probe  
  53  5:21  Probe  
  54  5:23  Sentry  
  54  5:24  Adept  
  54  5:25  Adept  
  54  5:27  Probe  
  62  5:31  Assimilator  
  62  5:35  Assimilator  
  62  5:37  Pylon  
  62  5:41  Pylon  
  62  5:55  Immortal, Probe  
  67  6:02  Gateway  
  67  6:03  Gateway  
  67  6:13  Gateway x2  
  67  6:16  Gateway  
  67  6:17  Adept x3  
  63  7:04  Immortal  
  63  7:18  Probe  
  63  7:22  Protoss Ground Armor Level 1, Probe  
  65  7:25  Zealot x3  
  65  7:26  Probe, Charge  
  65  7:28  Zealot x2  
  65  7:29  Zealot  
  78  7:40  Pylon  
  78  7:46  Robotics Facility  
  78  7:56  Immortal  
  78  7:58  Probe  
  83  8:05  Probe  
  83  8:10  Probe  
  83  8:11  Forge  
  85  8:13  Probe  
  84  8:20  Templar Archives  
  84  8:33  Nexus  
  84  8:35  Assimilator  
  84  8:39  Assimilator  
  84  8:42  Pylon  
  84  8:43  Pylon  
  84  8:47  Probe x2, Pylon  
  86  8:49  Pylon  
  86  8:56  Protoss Ground Weapons Level 2  
  86  9:00  Immortal x2, Probe  
  95  9:05  Adept x2  
  95  9:06  Adept x2  
  103  9:14  Probe x2  
  103  9:26  Probe x2  
  103  9:27  Zealot x3  
  103  9:28  Zealot x2  
  103  9:29  Zealot x2  
  71  9:38  Probe  
  71  9:39  Probe  
  66  9:48  Stalker x5  
  66  9:49  Stalker  
  74  9:58  Stalker  
  75  10:03  Probe x2  
  77  10:13  Stalker x3  
  69  10:21  Stalker x2  
  73  10:32  Gateway  
  73  10:35  Gateway  
  65  10:52  Immortal  
  65  10:55  High Templar x3  
  65  10:56  High Templar  
  77  10:57  High Templar x2  
  79  11:12  Archon x2  
  79  11:13  Archon  
  79  11:32  Stalker  
  79  11:33  Stalker x2  
  79  11:34  Stalker x3  
Tags
 
Add a new tag
Caveats
  • Supply blocks, unpowered buildings, or Contaminate may cause inaccurate times.
  • Supply counts are checked every 10 seconds.